 Dungeon Crawl Stone Soup version 0.30.1-1-g62c8e00024 (webtiles) character file.

Game seed: 10121756435469962951

123 Descartes the Shield-Bearer (level 5, -1/42 HPs)
             Began as a Formicid Fighter on July 17, 2023.
             Slain by an orc
             ... wielding a +0 flail
              (5 damage)
             ... on level 3 of the Dungeon.
             The game lasted 00:01:45 (1657 turns).

Descartes the Shield-Bearer (Formicid Fighter)      Turns: 1657, Time: 00:01:45

Health: -1/42      AC:  7    Str: 20    XL:     5   Next: 29%
Magic:  6/6        EV:  9    Int: 10    God:
Gold:   99         SH:  5    Dex: 13    Spells: 6/6 levels left

rFire   . . .        a - +0 war axe
rCold   . . .        c - +0 buckler
rNeg    . . .        b - +0 scale mail
rPois   .            (helmet unavailable)
rElec   .            (no cloak)
rCorr   .            (no gloves)
SInv    +            (no boots)
Will    .....        (no amulet) Stlth
                     (no ring)
HPRegen 0.27/turn    (no ring)
MPRegen 0.10/turn

%: no passive effects
@: no status effects
A: permanent stasis, dig shafts and tunnels, antennae 3, four strong arms
a: Dig, Shaft Self


You were on level 3 of the Dungeon.
You visited 1 branch of the dungeon, and saw 3 of its levels.

You collected 99 gold pieces.

Inventory:

Hand Weapons
 a - a +0 war axe (weapon)
Armour
 b - a +0 scale mail (worn)
 c - a +0 buckler (worn)
Wands
 k - a wand of digging (3)
Scrolls
 e - 3 scrolls of identify {unknown}
 f - a scroll of poison {unknown}
 h - 2 scrolls of vulnerability {unknown}
 j - a scroll of torment {unknown}
Potions
 d - 2 potions of might
 g - a potion of cancellation {unknown}
 i - a potion of attraction {unknown}
 l - a potion of magic {unknown}


   Skills:
 + Level 3.8 Fighting
 + Level 2.5 Axes
 + Level 3.8 Armour
 + Level 4.5 Shields
 + Level 1.2 Spellcasting
 * Level 3.0 Earth Magic


You had 6 spell levels left.
You didn't know any spells.
Your spell library was empty.

Dungeon Overview and Level Annotations

Branches:
Dungeon (3/15)

Altars:


Innate Abilities, Weirdness & Mutations

You cannot be hasted, slowed, berserked, paralysed or teleported.
You can dig through walls and to a lower floor.
You have a pair of large antennae on your head. (SInv)
Your four strong arms can wield two-handed weapons with a shield.


Message History

You are too injured to fight recklessly!
You are too injured to fight recklessly!
You are too injured to fight recklessly!
You are too injured to fight recklessly!
You are too injured to fight recklessly!
You are too injured to fight recklessly!
You are too injured to fight recklessly!
Unknown command.
You hit the orc.
The orc is severely wounded.
The orc priest closely misses you. The orc hits you but does no damage.
Unknown command.
You slash the orc!
You kill the orc!
The orc priest barely misses you. You block the orc priest's attack.
You see here a +0 short sword.
You barely miss the orc priest.
The orc priest hits you with a +0 trident.
* * * LOW HITPOINT WARNING * * *
The orc priest hits you with a +0 trident.
* * * LOW HITPOINT WARNING * * *
Unknown command.
You hit the orc priest.
The orc priest is moderately wounded.
The orc priest hits you but does no damage.
You hit the orc priest.
The orc priest is heavily wounded.
The orc priest barely misses you. x2
You closely miss the orc priest.
The orc priest is moderately wounded.
The orc priest hits you but does no damage.
You slash the orc priest!
You kill the orc priest!
Your Earth Magic skill increases to level 3!
You have reached level 5!
You hit the orc.
The orc is heavily wounded.
The orc hits you with a +0 flail.
You die...

#######.###.#
.......<....#
#######.###.#
#.# #.# #.#
#.# ..# #.#
########.#
......)..#####
......>..@o..#
.....#.#####.#
.......
.....#.
....##. ....
#. .. #.


You could see an orc.

Vanquished Creatures
  2 orc priests
  3 adders (D:2)
  A worm (D:2)
  4 orcs
  An endoplasm (D:2)
  2 giant cockroaches (D:1)
  2 goblins
  A hobgoblin (D:1)
  5 kobolds
  4 ball pythons
  4 bats
  2 frilled lizards (D:1)
  2 rats
33 creatures vanquished.

Notes
Turn   | Place    | Note
-------+----------+-------------------------------------------
     0 | D:1      | Descartes the Formicid Fighter began the quest for the Orb.
     0 | D:1      | Reached XP level 1. HP: 18/18 MP: 1/1
   286 | D:1      | Reached XP level 2. HP: 24/24 MP: 2/2
   335 | D:1      | Reached skill level 1 in Earth Magic
   857 | D:2      | Reached XP level 3. HP: 27/29 MP: 3/3
  1080 | D:2      | Reached skill level 1 in Spellcasting
  1080 | D:2      | Reached XP level 4. HP: 30/36 MP: 3/5
  1657 | D:3      | Reached XP level 5. HP: 4/42 MP: 6/6
  1657 | D:3      | Slain by an orc

Illustrated notes

Levels and vault maps discovered:
D:1:      dpeg_arrival_ternary, layout_loops_corners, minmay_misc_feat_chi,
          hangedman_decor_clover_reticule
D:2:      layout_basic
D:3:      layout_basic, st_stairs_12

Skill      XL: |  1  2  3  4 |
---------------+-------------+-----
Earth Magic    | 1 2 3 |  3.0
Spellcasting   | 1 |  1.2
Fighting       | |  3.8
Axes           | |  2.5
Armour         | |  3.8
Shields        | |  4.5

Action                     |  1- 3 |  4- 6 || total
---------------------------+-------+-------++-------
  Melee: War axe           |    66 |    20 ||    86
 Armour: Scale mail        |    34 |     7 ||    41
  Dodge: Dodged            |    32 |    11 ||    43
  Block: Buckler           |    13 |     2 ||    15
